 Dungeon Crawl Stone Soup version 0.24-a0-91-g4e4936a (console) character file.

Game seed: 3227800717024866058

61 Voker57 the Slasher (level 3, -2/25 HPs)
             Began as a Demonspawn Gladiator on Feb 8, 2019.
             Slain by a phantom (6 damage)
             ... on level 3 of the Dungeon.
             The game lasted 00:02:52 (1713 turns).

Voker57 the Slasher (Demonspawn Gladiator)          Turns: 1713, Time: 00:02:53

Health: -2/25      AC:  6    Str: 17 (19) XL:     3   Next: 83%
Magic:  3/3        EV: 13    Int: 10 (11) God:
Gold:   180        SH:  0    Dex: 15      Spells: 2/2 levels left

rFire    . . .     SeeInvis .   a - +0 long sword
rCold    . . .     Gourm    .   (no shield)
rNeg     . . .     Faith    .   b - +0 leather armour
rPois    .         Spirit   .   c - +0 helmet
rElec    .         Reflect  .   (no cloak)
rCorr    .         Harm     .   (no gloves)
MR       .....                  (no boots)
Stlth    +.........             (no amulet)
HPRegen  0.08/turn              (no ring)
MPRegen  0.08/turn              (no ring)

@: mighty, hasted, very quick
A: claws 1, hooves 1, thin metallic scales 1, clever 1, frail 1
a: no special abilities


You were on level 3 of the Dungeon.
You were hungry.

You visited 1 branch of the dungeon, and saw 3 of its levels.

You collected 180 gold pieces.

Inventory:

Hand Weapons
 a - a +0 long sword (weapon)
Missiles
 d - 2 throwing nets (quivered)
Armour
 b - a +0 leather armour (worn)
 c - a +0 helmet (worn)
Jewellery
 h - a cursed ring of attention {unknown}
 n - an uncursed ring of fire {unknown}
Scrolls
 i - 6 scrolls of identify {unknown}
 j - a scroll of magic mapping {unknown}
 k - a scroll of remove curse {unknown}
 m - a scroll of fear {unknown}
 o - 3 scrolls of teleportation {unknown}
Potions
 l - a potion of heal wounds {unknown}
Comestibles
 f - 3 rations


   Skills:
 + Level 2.6 Fighting
 * Level 3.6 Long Blades
 - Level 1.7 Throwing
 + Level 3.2 Dodging


You had 2 spell levels left.
You didn't know any spells.
Your spell library was empty.

Dungeon Overview and Level Annotations

Branches:
Dungeon (3/15)

Altars:
Fedhas


Innate Abilities, Weirdness & Mutations

You have sharp fingernails.
You are partially covered in thin metallic scales. (AC +2)
You have large cloven feet.
Your mind is acute. (Int +2)
You are frail. (-10% HP)


Message History

The phantom blinks!
You hit the phantom. You kick the phantom, but do no damage.
The phantom is moderately damaged.
The phantom hits you but does no damage.
You hit the phantom but do no damage. Your kick misses the phantom.
The phantom is moderately damaged.
The phantom hits you! x2
You barely miss the phantom.
The phantom is moderately damaged.
The phantom closely misses you.
You riposte.
You hit the phantom. You kick the phantom.
The phantom is heavily damaged.
It was a potion of might.
You feel very mighty all of a sudden. The phantom hits you.
The phantom blinks!
You hit the phantom but do no damage. You kick the phantom!
The phantom is heavily damaged.
The phantom hits you.
* * * LOW HITPOINT WARNING * * *
It was a potion of haste.
You feel yourself speed up. The phantom hits you.
You die...

# .. ## #### #..##.##
#.<. ###.....## #.>)
.....#...## #...
..)..#....#### ##..
......W@.....### #..#
...............# ###.##
###.##....##.#.####...#
# ##...##.....#..###
#.............#
#..####[#......... #..#
#.....#....#
#..#.....#...#...>
#....###...#...... #...
....#......


You could see a phantom.

Vanquished Creatures
  Natasha (D:2)
  A dart slug (D:1)
  A giant cockroach (D:2)
  A goblin (D:2)
  5 hobgoblins
  3 jackals (D:2)
  4 kobolds (D:1)
  9 bats
  4 frilled lizards
  6 rats
35 creatures vanquished.

Notes
Turn   | Place    | Note
-------+----------+-------------------------------------------
     0 | D:1      | Voker57 the Demonspawn Gladiator began the quest for the
                  | Orb.
     0 | D:1      | Reached XP level 1. HP: 16/16 MP: 1/1
   236 | D:1      | Gained mutation: You are partially covered in thin metallic
                  | scales. (AC +2) [demonic ancestry]
   236 | D:1      | Reached XP level 2. HP: 17/22 MP: 2/2
   925 | D:2      | Noticed Natasha
   938 | D:2      | Gained mutation: You have large cloven feet. [potion of
                  | mutation]
   938 | D:2      | Gained mutation: You are frail. (-10% HP) [potion of
                  | mutation]
   938 | D:2      | Gained mutation: Your mind is acute. (Int +2) [potion of
                  | mutation]
   942 | D:2      | Killed Natasha
   942 | D:2      | Gained mutation: You have sharp fingernails. [demonic
                  | ancestry]
   942 | D:2      | Reached XP level 3. HP: 14/25 MP: 3/3
  1163 | D:2      | Found a blossoming altar of Fedhas.
  1694 | D:3      | Noticed a phantom
  1713 | D:3      | Slain by a phantom

Levels and vault maps discovered:
D:1:      dpeg_arrival_oval, layout_loops_ring, minmay_pentomino_o2
D:2:      layout_basic, grunt_decor_mini_mirrors, kennysheep_cluttered_room,
          fedhas_altar_fruit_tree, uniq_natasha
D:3:      layout_rooms, minmay_misc_feat_secret_circle, minmay_three_crescents,
          uniq_terence

Skill      XL: |  1  2 |
---------------+-------+-----
Long Blades    | 3 |  3.6
Dodging        | 3 |  3.2
Fighting       | |  2.6
Throwing       | |  1.7

Action                   || total
-------------------------++-------
Melee: Long sword        ||    90
       Kick              ||    14
Throw: Throwing net      ||     1
  Use: Potion            ||     7
 Stab: Sleeping          ||     1
  Eat: Chunk             ||     2
Armor: Leather armour    ||    31
Dodge: Dodged            ||    81
       Rpst.: Long sword ||    25

Table legend:
 A = Non-vault XP
 B = Vault XP
 C = Vault XP percentage of total XP
 D = Non-vault monster count
 E = Vault monster count
 F = Vault count percentage of total count
                 A         B        C        D         E       F
            +---------+---------+-------+---------+---------+-------
      Total |      47 |      41 |  46.6 |      32 |       3 |   8.6
            +---------+---------+-------+---------+---------+-------
        D:1 |      22 |       5 |  18.5 |      16 |       2 |  11.1
        D:2 |      25 |      36 |  59.0 |      16 |       1 |   5.9
            +---------+---------+-------+---------+---------+-------
